 Dungeon Crawl Stone Soup version 0.30-a0-989-g0d87f670db (webtiles) character file.

Game seed: 10906588252997530132

34 2tousent the Grave Robber (level 3, -7/25 HPs)
             Began as a Gnoll Necromancer on Apr 3, 2023.
             Killed by divine providence
             ... invoked by an orc priest
              (13 damage)
             ... on level 3 of the Dungeon.
             The game lasted 00:02:22 (1770 turns).

2tousent the Grave Robber (Gnoll Necromancer)       Turns: 1770, Time: 00:02:23

Health: -7/25      AC:  2    Str:  9    XL:     3   Next: 31%
Magic:  7/9        EV: 13    Int: 14    God:
Gold:   159        SH:  0    Dex: 12    Spells: 11/12 levels left

rFire   . . .      SeeInvis .    d - +0 dagger (freeze)
rCold   . . .      Faith    .    (no shield)
rNeg    . . .      Spirit   .    a - +0 robe
rPois   .          Reflect  .    e - +0 hat
rElec   .          Rampage  .    (no cloak)
rCorr   .                        (no gloves)
Will    .....                    (no boots)
Stlth   ++                       m - amulet of regeneration
HPRegen 1.04/turn                (no ring)
MPRegen 0.11/turn                (no ring)

@: no status effects
A: fangs 1, strong nose, distributed training
a: no special abilities


You were on level 3 of the Dungeon.
You visited 1 branch of the dungeon, and saw 3 of its levels.

You collected 159 gold pieces.

Inventory:

Hand Weapons
 d - a +0 dagger of freezing (weapon)
Missiles
 n - 11 poisoned darts
Armour
 a - a +0 robe (worn)
 e - a +0 hat (worn)
Jewellery
 m - an amulet of regeneration (around neck)
Potions
 c - 2 potions of attraction
 f - a potion of might
 h - a potion of flight
 i - a potion of degeneration
 l - a potion of curing {unknown}


   Skills:
 + Level 0.8 Fighting
 + Level 0.8 Short Blades
 + Level 0.8 Long Blades
 + Level 0.8 Axes
 + Level 0.8 Maces & Flails
 + Level 0.8 Polearms
 + Level 0.8 Staves
 + Level 0.8 Ranged Weapons
 + Level 0.8 Throwing
 + Level 0.8 Armour
 + Level 4.5 Dodging
 + Level 4.1 Stealth
 + Level 0.8 Shields
 + Level 0.8 Unarmed Combat
 + Level 5.0 Spellcasting
 + Level 0.5 Conjurations
 + Level 0.5 Hexes
 + Level 0.5 Summonings
 + Level 7.1 Necromancy
 + Level 0.5 Translocations
 + Level 0.5 Transmutations
 + Level 0.5 Fire Magic
 + Level 0.5 Ice Magic
 + Level 0.5 Air Magic
 + Level 0.5 Earth Magic
 + Level 0.5 Poison Magic
 + Level 1.0 Invocations
 + Level 0.8 Evocations


You had 11 spell levels left.
You knew the following spells:

 Your Spells              Type           Power      Damage    Failure   Level
a - Necrotise             Necr           92%        1d8       1%          1

Your spell library contained the following spells:

 Spells                   Type           Power      Damage    Failure   Level
 Vampiric Draining        Necr           23%        2d7       2%          3
 Animate Dead             Necr           23%        N/A       10%         4
 Ensorcelled Hibernation  Hex/Ice        10%        N/A       21%         2
 Passwall                 Tmut/Erth      4%         N/A       21%         2
 Agony                    Necr           23%        N/A       26%         5
 Swiftness                Air            5%         N/A       38%         3


Dungeon Overview and Level Annotations

Branches:
Dungeon (3/15)

Altars:
Fedhas

Shops:
D:2 (


Innate Abilities, Weirdness & Mutations

You have very sharp teeth.
Your uncanny sense of smell can sniff out nearby items.
Your experience applies equally to all skills.


Message History

You are too injured to fight recklessly!
You are too injured to fight recklessly!
You are too injured to fight recklessly!
You are too injured to fight recklessly!
Magic courses through your body.
The orc priest calls upon Beogh to heal the orc priest.
The orc priest's wounds heal themselves!
Your orc skeleton hits the orc priest.
Casting: Necrotise (safe; 1% risk of failure)
Confirm with . or Enter, or press ? or * to list all spells.
Aiming: Necrotise (safe; 1% risk of failure)
Press: ? - help, Shift-Dir - straight line, f/p - orc priest
Aim: an orc priest, wielding a +0 club (chance to affect: 81%)
The orc priest writhes in agony!
The orc priest begins to cast a cantrip, but forgets the words!
The orc priest hits you with a +0 club.
* * * LOW HITPOINT WARNING * * *
Your orc skeleton barely misses the orc priest.
Casting: Necrotise (safe; 1% risk of failure)
Confirm with . or Enter, or press ? or * to list all spells.
Aiming: Necrotise (safe; 1% risk of failure)
Press: ? - help, Shift-Dir - straight line, f/p - orc priest
Aim: an orc priest, wielding a +0 club (heavily wounded, chance to affect: 81%)
The orc priest writhes in agony.
The orc priest hits you with a +0 club.
* * * LOW HITPOINT WARNING * * *
Your orc skeleton hits the orc priest but does no damage.
Unknown command.
Unknown command.
Casting: Necrotise (safe; 1% risk of failure)
Confirm with . or Enter, or press ? or * to list all spells.
Aiming: Necrotise (safe; 1% risk of failure)
Press: ? - help, Shift-Dir - straight line, f/p - orc priest
Aim: an orc priest, wielding a +0 club (almost dead, chance to affect: 81%)
The orc priest writhes in agony!
You kill the orc priest!
The dead are walking!
The orc priest calls down the wrath of Beogh upon you.
Beogh smites you!
Ouch! That really hurt!
You die...

#.#*,,,..,,,,**
#.#...........**
###.#..........,,*
#...#.........,,**
#.###*.......,,**
#.# **ZZ...*,**
#.# *,.oo****
##.## **#o#*
***####...######@#
,............†...#
,######...######.#
,* ##.## #.#* ,*
#.# #..* ,* #.#
##.# ,* #.# *.# ,*
#.# *.# ,* **,*
*.#


You could see 2 orc priests, an orc, a friendly orc skeleton and a friendly orc
priest skeleton.

Vanquished Creatures
  An orc priest (D:3)
  2 dart slugs
  An orc (D:3)
  2 bats
  2 giant cockroaches
  2 hobgoblins (D:1)
  3 kobolds
  A quokka (D:1)
  7 ball pythons
  4 frilled lizards
  6 rats
31 creatures vanquished.

Notes
Turn   | Place    | Note
-------+----------+-------------------------------------------
     0 | D:1      | 2tousent the Gnoll Necromancer began the quest for the Orb.
     0 | D:1      | Reached XP level 1. HP: 13/13 MP: 6/6
   126 | D:1      | Reached XP level 2. HP: 19/19 MP: 1/7
   900 | D:2      | Found a faded altar of an unknown god.
   938 | D:2      | Found a blossoming altar of Fedhas.
   945 | D:2      | Reached skill level 5 in Spellcasting
   945 | D:2      | Reached XP level 3. HP: 25/25 MP: 5/9
  1096 | D:2      | Found Xiegetaf's Weapon Emporium.
  1765 | D:3      | Reached skill level 1 in Invocations
  1770 | D:3      | Killed from afar by an orc priest

Illustrated notes

Levels and vault maps discovered:
D:1:      lightli_molten_gateway, layout_loops_cross, serial_park_tiny_2,
          minmay_misc_feat_x
D:2:      layout_loops_cross, basic_ecumenical_altar, serial_shops, shop,
          basic_altar, nrook_loot_triangle, nrook_mini_backslash
D:3:      layout_loops_ring, mainiacjoe_overflow_catwalk, uniq_terence

Skill      XL: |  1  2  3 |
---------------+----------+-----
Spellcasting   | 5 |  5.0
Invocations    | 1 |  1.0
Fighting       | |  0.8
Short Blades   | |  0.8
Long Blades    | |  0.8
Axes           | |  0.8
Maces & Flails | |  0.8
Polearms       | |  0.8
Staves         | |  0.8
Ranged Weapons | |  0.8
Throwing       | |  0.8
Armour         | |  0.8
Dodging        | |  4.5
Stealth        | |  4.1
Shields        | |  0.8
Unarmed Combat | |  0.8
Conjurations   | |  0.5
Hexes          | |  0.5
Summonings     | |  0.5
Necromancy     | |  7.1
Translocations | |  0.5
Transmutations | |  0.5
Fire Magic     | |  0.5
Ice Magic      | |  0.5
Air Magic      | |  0.5
Earth Magic    | |  0.5
Poison Magic   | |  0.5
Evocations     | |  0.8

Action                     || total
---------------------------++-------
  Melee: Dagger            ||     5
         Bite              ||     1
   Cast: Necrotise         ||    51
    Use: Scroll            ||     7
         Potion            ||     1
 Armour: Robe              ||     2
  Dodge: Dodged            ||     4

Table legend: (Time is in decaauts)
 A = Elapsed time spent in this place.
 B = Non-inter-level travel time spent in this place.
 C = Inter-level travel time spent in this place.
 D = Time resting spent in this place.
 E = Time spent auto-exploring this place.
 F = Levels seen in this place.
 G = Mean time per level.
                   A        B        C        D        E       F      G
               +--------+--------+--------+--------+--------+-----+--------+
         Total |   1768 |   1694 |     74 |      0 |   1526 |   3 |  589.3 |
       Dungeon |   1768 |   1694 |     74 |      0 |   1526 |   3 |  589.3 |
               +--------+--------+--------+--------+--------+-----+--------+

Top non-repeatable levels by time:
     D:1: 899 daAuts
     D:2: 676 daAuts
     D:3: 192 daAuts
